 Dungeon Crawl Stone Soup version 0.26.1-2-gb8aa6d0cf2 (webtiles) character file.

Game seed: 9793928440686403910

341327 promet the Slayer (level 21, -47/173 (186) HPs)
             Began as a Minotaur Fighter on Feb 18, 2021.
             Was the Champion of Ru.
             Killed from afar by a tengu reaver (61 damage)
             ... with a bolt of lightning
             ... on level 5 of the Vaults on Feb 23, 2021.
             The game lasted 09:51:42 (64260 turns).

promet the Slayer (Minotaur Fighter)               Turns: 64260, Time: 09:51:47

HP:   -47/173 (186) AC: 33    Str: 28    XL:     21   Next: 8%
MP:   10/17         EV:  7    Int:  5    God:    Ru [******]
Gold: 1669          SH: 28    Dex: 19    Spells: 20/20 levels left

rFire    x . .     SeeInvis .   a - +9 war axe (vorpal)
rCold    + . .     Faith    .   c - +5 tower shield
rNeg     . . .     Spirit   .   S - +10 plate armour {ponderous}
rPois    +         Reflect  .   (helmet restricted)
rElec    .         Harm     .   g - +2 cloak
rCorr    .         Rampage  .   u - +2 pair of gloves
Will     .....     Rnd*Rage +   X - +2 pair of boots of Dawn {+Inv Slay+2}
Stlth    ..........             T - amulet of the acrobat
HPRegen  0.38/turn              j - ring "Iggappiede" {rPois Str+6}
MPRegen  0.15/turn              Y - ring of ice

@: exhausted, berserk cooldown, slowed, drained, very slow
A: retaliatory headbutt, horns 2, berserk 1, [blurry vision 1], deformed body,
deterioration 1, frail 1, [low mp 1], wild magic 1, [no potion heal 1], [subdued
magic 1], hated by all, inability to train dodging, no earth magic, no
translocations magic, no transmutations magic, weak-willed 1, unskilled 1
}: 2/15 runes: serpentine, barnacled
a: Renounce Religion, Evoke Invisibility, Draw Out Power, Power Leap, Apocalypse


You were on level 5 of the Vaults.
You worshipped Ru.
Ru was exalted by your worship.
You visited 7 branches of the dungeon, and saw 37 of its levels.
You visited the Abyss 1 time.

You collected 3861 gold pieces.
You spent 2192 gold pieces at shops.

Inventory:

Hand Weapons
 a - a +9 vorpal war axe (weapon)
 b - the +7 hunting sling of Jihue {venom, Will+ Str+2}
   (You bought it in a shop on level 1 of the Shoals)

   It poisons the ammo it fires.
   It affects your strength (+2).
   It affects your willpower, your defense against some magical effects.
 H - a +3 demon trident of draining
 J - the +8 war axe of Witei {vorpal, rElec MP-9 Int-4 SInv}
   (You found it on level 1 of the Vaults)

   It inflicts extra damage upon your enemies.
   It affects your intelligence (-4).
   It insulates you from electricity.
   It affects your magic capacity (-9).
   It lets you see invisible.
 U - a +5 great sword of holy wrath
Missiles
 m - 239 sling bullets
 p - 107 boomerangs (quivered)
 r - 127 poisoned darts
 B - 10 curare-tipped darts
 F - 46 silver javelins
 G - 10 throwing nets
 V - 27 javelins
Armour
 c - a +5 tower shield (worn)
 e - the +2 pair of boots of Ferocious Amelioration {rPois Str+3}
   (You found it on level 14 of the Dungeon)

   It affects your strength (+3).
   It protects you from poison.
 g - a +2 cloak (worn)
 u - a +2 pair of gloves (worn)
 S - a +10 plate armour of ponderousness (worn)
 X - the +2 pair of boots of Dawn (worn) {+Inv Slay+2}
   (You found it on level 4 of the Vaults)

   It affects your accuracy and damage with ranged weapons and melee attacks
   (+2).
   It lets you turn invisible.
Jewellery
 j - the ring "Iggappiede" (left hand) {rPois Str+6}
   (You bought it in a shop on level 2 of the Orcish Mines)

   [ring of poison resistance]

   It affects your strength (+6).
   It protects you from poison.
 k - an uncursed ring of stealth
 t - an uncursed amulet of regeneration
 y - a +6 ring of intelligence
 N - an uncursed ring of protection from cold
 O - an uncursed ring of positive energy
 P - an uncursed ring of protection from fire
 Q - an uncursed ring of resist corrosion
 T - an amulet of the acrobat (around neck)
 Y - a ring of ice (right hand)
Wands
 o - a wand of paralysis (21)
 z - a wand of iceblast (31)
 C - a wand of acid (26)
 E - a wand of digging (21)
 I - a wand of polymorph (22)
 K - a wand of random effects (18)
 R - a wand of disintegration (48)
 W - a wand of enslavement (10)
Scrolls
 f - 10 scrolls of identify
 h - 7 scrolls of magic mapping
 i - 21 scrolls of teleportation
 n - 12 scrolls of remove curse
 s - 10 scrolls of amnesia
 w - 4 scrolls of blinking
 x - 9 scrolls of fog
 Z - 4 scrolls of fear
Potions
 l - a potion of heal wounds
 q - a potion of cancellation
 v - a potion of haste
 A - 4 potions of flight
 D - 2 potions of might
 M - 5 potions of curing
Miscellaneous
 d - a condenser vane
 L - a lightning rod (4/4)


   Skills:
 * Level 22.1 Fighting
 + Level 7.4 Long Blades
 + Level 20.4(20.5) Axes
 + Level 3.3(14.2) Polearms
 + Level 9.2(10.6) Slings
 + Level 7.8(9.5) Throwing
 + Level 15.7 Armour
 + Level 6.0 Stealth
 + Level 17.7 Shields
 + Level 3.1 Evocations


You had 20 spell levels left.
You didn't know any spells.
Your spell library contained the following spells:

 Spells                   Type           Power        Failure   Level
 Corona                   Hex            0%           100%        1
 Foxfire                  Conj/Fire      0%           100%        1
 Freeze                   Ice            0%           100%        1
 Magic Dart               Conj           0%           100%        1
 Shock                    Conj/Air       0%           100%        1
 Ensorcelled Hibernation  Hex/Ice        0%           100%        2
 Poisonous Vapours        Pois/Air       0%           100%        2
 Searing Ray              Conj           0%           100%        2
 Slow                     Hex            0%           100%        2
 Swiftness                Air            0%           100%        2
 Confusing Touch          Hex            0%           100%        3
 Conjure Flame            Conj/Fire      0%           100%        3
 Dazzling Flash           Conj/Hex       0%           100%        3
 Frozen Ramparts          Ice            0%           100%        3
 Inner Flame              Hex/Fire       0%           100%        3
 Mephitic Cloud           Conj/Pois/Air  0%           100%        3
 Ozocubu's Armour         Ice            0%           100%        3
 Static Discharge         Conj/Air       0%           100%        3
 Airstrike                Air            0%           100%        4
 Cause Fear               Hex            0%           100%        4
 Fulminant Prism          Conj/Hex       0%           100%        4
 Hailstorm                Conj/Ice       0%           100%        4
 Olgreb's Toxic Radiance  Pois           0%           100%        4
 Sticky Flame             Conj/Fire      0%           100%        4
 Fireball                 Conj/Fire      0%           100%        5
 Lightning Bolt           Conj/Air       0%           100%        5
 Silence                  Hex/Air        0%           100%        5
 Invisibility             Hex            0%           100%        6
 Discord                  Hex            0%           100%        8
 Ignition                 Fire           0%           100%        8
 Tornado                  Air            0%           100%        9
 Animate Skeleton         Necr           Unusable     N/A         1
 Apportation              Tloc           Unusable     N/A         1
 Sting                    Tmut/Pois      Unusable     N/A         1
 Summon Small Mammal      Summ           Unusable     N/A         1
 Blink                    Tloc           Unusable     N/A         2
 Call Imp                 Summ           Unusable     N/A         2
 Gell's Gravitas          Tloc           Unusable     N/A         3
 Ignite Poison            Fire/Tmut/Pois Unusable     N/A         3
 Lesser Beckoning         Tloc           Unusable     N/A         3
 Teleport Other           Tloc           Unusable     N/A         3
 Tukima's Dance           Hex            Unusable     N/A         3
 Iskenderun's Mystic Bla  Conj/Tloc      Unusable     N/A         4
 Passage of Golubria      Tloc           Unusable     N/A         4
 Summon Ice Beast         Ice/Summ       Unusable     N/A         4
 Alistair's Intoxication  Tmut/Pois      Unusable     N/A         5
 Yara's Violent Unravell  Hex/Tmut       Unusable     N/A         5
 Shatter                  Erth           Unusable     N/A         9

Dungeon Overview and Level Annotations

Branches:
Dungeon (15/15)            Temple (1/1) D:4            Lair (6/6) D:10
 Shoals (4/4) Lair:4        Snake (4/4) Lair:4        Slime (0/5) Lair:5
    Orc (2/2) D:9             Elf (0/3) Orc:2        Vaults (5/5) D:13
  Crypt (0/3) Vaults:3     Depths (0/5) D:15

Altars:
Ashenzari
Cheibriados
Dithmenos
Elyvilon
Fedhas
Gozag
Hepliaklqana
Kikubaaqudgha
Makhleb
Nemelex Xobeh
Okawaru
Qazlal
Ru
Sif Muna
Trog
Uskayaw
Vehumet
Wu Jian
Xom
Yredelemnul
Zin
The Shining One
Jiyva
Lugonu

Shops:
D:7 :*::[   D:9 *   D:14 *   Orc:1 !   Orc:2 }*(?   Shoals:1 (?[   Shoals:2 }
Shoals:3 (   Vaults:3 (

Annotations:
D:9 exclusion: ice statue
D:12 1 runed translucent door
Lair:3 exclusion: oklob plant
Shoals:1 3 runed translucent doors, Liimbo's ghost, adept FoWn


Innate Abilities, Weirdness & Mutations

You reflexively headbutt those who attack you in melee.
You have a pair of horns on your head.
You are hated by all.
You cannot train Dodging skill.
You cannot study or cast Earth magic.
You cannot study or cast Translocations magic.
You cannot study or cast Transmutations magic.
You are slightly weak-willed. (Will-)
You are somewhat unskilled. (-1 Apt)
You tend to lose your temper in combat.
Armour fits poorly on your strangely shaped body.
Your body sometimes deteriorates upon taking damage.
You are frail. (-10% HP)
Your spells are a little harder to cast, but a little more powerful.
[Scrolls take you a little longer to read.]
[Your magical capacity is low. (-10% MP)]
[Potions are less effective at restoring your health.]
[Your spells are a little easier to cast, but a little less powerful.]


Message History

The tengu reaver hits you but does no damage.
You feel drained. You block the tengu reaver's attack.
The tengu reaver claws you but does no damage.
You are too berserk!
Unknown command.
Okay, then.
You are too berserk!
You slash the storm dragon! You headbutt the storm dragon!
The storm dragon is moderately wounded.
The tengu reaver blocks your attack.
You are no longer berserk.
You are exhausted.
You feel yourself slow down.
You feel drained.
You fail to use your ability.
The storm dragon breathes lightning at you.
The bolt of lightning hits you!
* * * LOW HITPOINT WARNING * * *
The tengu reaver casts a spell at you. The bolt of lightning hits you!!!
You die...

################.
.*...............
..Q..............
#..D@..#
#.....Q.....#
............)#
.D...........!#
........(.φ...#
.......$##......
...[..### $......
...### ....#..


You could see 2 storm dragons, 2 tengu reavers and a battlesphere.

Vanquished Creatures
  Boris (Vaults:3)
  Frederick (Vaults:3)
  Saint Roka (Vaults:1)
  A bone dragon (Abyss:3)
  Jorgrun (D:13)
  Asterion (Vaults:2)
  2 tentacled starspawn (Abyss:3)
  Polyphemus (Shoals:4)
  2 ancient champions (Vaults:3)
  Kirke (Shoals:2)
  Ilsuiw (Shoals:2)
  A tengu reaver (Vaults:5)
  A storm dragon (D:12)
  Donald (Snake:3)
  3 fire giants
  9 nagarajas
  A deep elf sorcerer (Vaults:5)
  11 vault wardens
  Louise (Snake:1)
  A ghoul (Vaults:1)
  Aizul (Snake:3)
  An orc warlord (Vaults:4)
  11 ironheart preservers
  A vampire knight (Vaults:3)
  3 deep elf demonologists (Vaults:5)
  An entropy weaver (Vaults:4)
  2 stone giants
  A dire elephant (Lair:5)
  3 ettins
  An ettin (shapeshifter) (D:12)
  6 merfolk javelineers
  A deep elf death mage (Vaults:5)
  6 yaktaur captains
  14 merfolk impalers
  A fire dragon (Vaults:3)
  Josephine (D:13)
  A great orb of eyes (Vaults:2)
  An ice dragon (Vaults:3)
  4 hydras
  A merfolk avatar (Shoals:4)
  6 boulder beetles
  28 vault guards
  Erica (D:8)
  17 naga warriors
  6 catoblepae
  6 merfolk aquamancers
  16 two-headed ogres
  A queen ant (D:10)
  6 satyrs
  20 anacondas
  8 centaur warriors
  A tengu warrior (D:15)
  4 death knights
  6 ogre magi
  8 death yaks
  A vampire mage (Vaults:3)
  A deep troll earth mage (D:12)
  15 naga sharpshooters
  4 orc high priests (Orc:2)
  A shock serpent (shapeshifter) (Vaults:4)
  6 deep elf knights
  7 shock serpents
  Nergalle (Lair:3)
  A fire crab (D:12)
  6 skeletal warriors
  5 wretched stars (Abyss:3)
  2 salamander mystics
  14 sea snakes
  A tengu zombie (Vaults:4)
  2 flayed ghosts
  2 deep elf archers
  8 deep trolls
  12 ironbrand convokers
  13 naga ritualists
  6 wizards
  6 orc knights
  2 glowing orange brains (Vaults:2)
  11 harpies
  2 necromancers
  4 deep elf magi
  3 phantasmal warriors
  2 orc sorcerers
  A wolf spider (Vaults:3)
  19 mana vipers
  13 fauns
  25 ugly things
  11 salamanders
  A frost giant zombie (Vaults:4)
  17 manticores
  6 cyclopes
  A manticore (shapeshifter) (Vaults:5)
  28 elephants
  11 merfolk sirens
  A fire giant skeleton (Vaults:1)
  3 large abominations (Abyss:3)
  13 vault sentinels
  An elephant (shapeshifter) (Vaults:1)
  45 black mambas
  27 naga magi
  10 cane toads
  3 guardian serpents
  2 water nymphs
  2 torpor snails
  34 yaktaurs
  2 efreet
  7 komodo dragons
  A human skeleton (Vaults:1)
  A rime drake (Lair:6)
  7 freezing wraiths
  A kobold demonologist (D:14)
  A meliai (D:12)
  A hornet (Vaults:4)
  34 merfolk
  8 trolls
  A tengu simulacrum (Vaults:1)
  24 slime creatures
  7 wind drakes
  9 snapping turtles
  2 polar bears
  17 blink frogs
  11 dream sheep
  An ettin skeleton (Vaults:4)
  A vampire (D:11)
  11 wraiths
  A spriggan (Lair:5)
  A shadow (Abyss:3)
  12 water elementals
  An air elemental (D:13)
  2 hogs (shapeshifter)
  5 wyverns
  A hog (Shoals:2)
  64 yaks
  2 humans (Shoals:2)
  2 basilisks
  8 vampire mosquitoes
  A fire elemental (D:13)
  2 steam dragons (Lair:4)
  A neqoxec (Abyss:3)
  6 wargs
  An acid dragon (D:14)
  52 nagas
  6 soldier ants (D:10)
  10 water moccasins
  A hornet zombie (D:11)
  2 ice beasts
  3 black bears (Lair:1)
  3 sky beasts
  31 orc warriors
  9 boggarts
  6 wolves (Lair:6)
  2 phantoms
  23 ogres
  21 centaurs
  2 big kobolds
  A human zombie (Vaults:4)
  2 gnoll sergeants (D:7)
  17 bullfrogs
  A glowing shapeshifter simulacrum (Vaults:1)
  An earth elemental (D:15)
  2 yaktaur skeletons
  7 scorpions
  2 small abominations (Abyss:3)
  8 killer bees
  4 wights (D:6)
  3 vampire bats (D:6)
  5 electric eels
  8 starcursed masses (Abyss:3)
  2 bullfrog zombies
  2 gnoll shamans (D:7)
  11 hounds
  6 centaur skeletons
  46 orc priests
  An iron imp (Abyss:3)
  4 jellies
  3 bullfrog skeletons
  2 iguanas
  30 worker ants
  36 orc wizards
  2 hound skeletons
  A worker ant zombie (D:7)
  21 gnolls
  12 adders
  A shadow imp (D:7)
  A white imp (Abyss:3)
  2 ufetubi
  2 oozes (D:1)
  2 worms
  A dart slug (D:3)
  4 leopard geckos
  104 orcs
  2 bat skeletons (D:6)
  2 bat zombies (D:6)
  4 giant cockroaches
  7 goblins
  11 hobgoblins
  31 jackals
  3 quokkas
  5 bats
  10 frilled lizards
  2 jackal zombies
  18 kobolds
  5 rats
  4 starspawn tentacles (Abyss:3)
1538 creatures vanquished.

Vanquished Creatures (others)
  2 nagarajas (Snake:4)
  A stone giant (Vaults:4)
  A crystal guardian (Vaults:2)
  An ogre mage (Vaults:2)
  A hydra (Lair:6)
  A two-headed ogre (Vaults:4)
  A naga sharpshooter (Snake:1)
  2 harpies
  A salamander (Snake:4)
  A vault sentinel (Vaults:4)
  2 naga magi
  2 black mambas (Snake:2)
  2 cane toads
  A yaktaur (Vaults:4)
  3 trolls
  3 merfolk
  2 slime creatures
  2 water elementals
  2 yaks (Lair:4)
  A naga (Snake:4)
  An orc warrior (Orc:1)
  A black bear (D:12)
  2 boggarts (Vaults:2)
  A water moccasin zombie (D:12)
  A worker ant (D:10)
  An orc (D:15)
  2 demonic plants (Temple)
  110 fungi
  A lurking horror (Abyss:3)
  423 plants
  7 starspawn tentacles (Abyss:3)
582 creatures vanquished.

Grand Total: 2120 creatures vanquished

Notes
Turn   | Place    | Note
-------+----------+-------------------------------------------
     0 | D:1      | promet the Minotaur Fighter began the quest for the Orb.
     0 | D:1      | Reached XP level 1. HP: 19/19 MP: 0/0
    70 | D:1      | Reached XP level 2. HP: 26/27 MP: 1/1
   139 | D:1      | Reached skill level 4 in Fighting
   738 | D:2      | Reached XP level 3. HP: 33/33 MP: 2/2
   795 | D:2      | Found a shadowy altar of Dithmenos.
  1351 | D:2      | Reached XP level 4. HP: 33/41 MP: 3/3
  1926 | D:3      | Found a glowing silver altar of Zin.
  2233 | D:3      | Reached XP level 5. HP: 29/47 MP: 4/4
  2827 | D:3      | Found a blossoming altar of Fedhas.
  2938 | D:4      | Noticed an orc warrior
  2939 | D:4      | Noticed a two-headed ogre
  2962 | D:4      | Reached XP level 6. HP: 55/55 MP: 5/5
  3010 | D:4      | Found a broken altar of Ashenzari.
  3037 | D:4      | Found a staircase to the Ecumenical Temple.
  3067 | D:4      | Reached skill level 5 in Fighting
  3067 | D:4      | Reached skill level 5 in Axes
  3067 | D:4      | Reached skill level 5 in Shields
  3246 | Temple   | Entered the Ecumenical Temple
  3605 | Temple   | Became a worshipper of Ru the Awakened
  3669 | D:4      | Found a basalt altar of Yredelemnul.
  3672 | D:4      | Found a hide-covered altar of Uskayaw.
  3675 | D:4      | Found a shimmering blue altar of Sif Muna.
  3678 | D:4      | Found a stormy altar of Qazlal.
  3867 | D:4      | Found a shimmering altar of Xom.
  4003 | D:5      | Entered Level 5 of the Dungeon
  4063 | D:5      | Found a burning altar of Makhleb.
  4090 | D:5      | Reached skill level 5 in Armour
  4291 | D:5      | Reached skill level 1 in Dodging
  4297 | D:5      | Reached XP level 7. HP: 62/62 MP: 6/6
  4448 | D:5      | Reached skill level 6 in Fighting
  5039 | D:5      | Gained mutation: You are somewhat unskilled. (-1 Apt) [Ru
                  | sacrifice]
  5039 | D:5      | Reduced skill Fighting to level 5
  5039 | D:5      | Reduced skill Axes to level 5
  5039 | D:5      | Reached * piety under Ru
  5039 | D:5      | Reached ** piety under Ru
  5333 | D:5      | Found a radiant altar of Vehumet.
  5961 | D:6      | Reached skill level 6 in Fighting
  5994 | D:6      | Reached XP level 8. HP: 70/70 MP: 7/7
  6064 | D:6      | Reached skill level 5 in Shields
  6462 | D:6      | Found a shimmering blue altar of Sif Muna.
  6564 | D:6      | Found an ancient bone altar of Kikubaaqudgha.
  7364 | D:7      | Found a snail-covered altar of Cheibriados.
  7367 | D:7      | Found Cheibriados's Comfort Zone.
  7448 | D:7      | Reached skill level 7 in Fighting
  7681 | D:7      | Reached XP level 9. HP: 41/79 MP: 8/8
  8020 | D:7      | Reached skill level 1 in Stealth
  8173 | D:7      | Found Simay's Book Emporium.
  8212 | D:7      | Found Nyihonn's Book Emporium.
  8394 | D:7      | Found Ejisa's General Store.
  8470 | D:7      | Reached skill level 1 in Throwing
  8550 | D:7      | Found Horaonu's Book Emporium.
  8613 | D:7      | Found a hazy altar of Hepliaklqana.
  8622 | D:7      | Found an ornate altar of the Wu Jian Council.
  8633 | D:7      | Found a shadowy altar of Dithmenos.
  8994 | D:8      | Noticed Erica
  9004 | D:8      | Killed Erica
  9005 | D:8      | Reached skill level 8 in Fighting
  9284 | D:8      | Reached skill level 10 in Axes
  9374 | D:8      | Got a steaming lapis lazuli ring
  9694 | D:8      | You fall into a shaft and drop 3 floors!
  9743 | D:10     | Entered Level 10 of the Dungeon
  9866 | D:10     | Reached XP level 10. HP: 58/90 MP: 9/9
 10059 | D:10     | Found a staircase to the Lair.
 10086 | D:10     | Noticed an eight-headed hydra
 10096 | D:10     | Killed an eight-headed hydra
 10097 | D:10     | Reached skill level 9 in Fighting
 10097 | D:10     | Reached skill level 1 in Polearms
 10807 | D:9      | Found Zeliqeen's Assorted Antiques.
 11703 | D:9      | Gained mutation: You are hated by all. [Ru sacrifice]
 11703 | D:9      | Reached *** piety under Ru
 11721 | D:9      | Identified the cursed ring of Nyladyc {*Drain rN+ Str+4
                  | Int-4} (You found it on level 8 of the Dungeon)
 12059 | D:9      | Found a staircase to the Orcish Mines.
 12166 | D:9      | Bought a scroll labelled JUESOM PYGG for 25 gold pieces
 12283 | D:9      | Noticed an ice statue
 12966 | D:10     | Noticed a queen ant
 12975 | D:10     | Killed a queen ant
 13005 | D:10     | Reached XP level 11. HP: 67/99 MP: 10/10
 14382 | D:11     | Noticed a two-headed ogre
 14410 | D:11     | Killed a two-headed ogre
 14411 | D:11     | Reached skill level 5 in Long Blades
 14915 | D:12     | Gained mutation: You cannot study or cast Earth magic. [Ru
                  | sacrifice]
 14915 | D:12     | Gained mutation: You cannot study or cast Transmutations
                  | magic. [Ru sacrifice]
 14915 | D:12     | Gained mutation: You cannot study or cast Translocations
                  | magic. [Ru sacrifice]
 14915 | D:12     | Reached **** piety under Ru
 15064 | D:12     | Noticed a two-headed ogre
 15083 | D:12     | Killed a two-headed ogre
 15084 | D:12     | Reached skill level 10 in Fighting
 15698 | D:12     | Found a sacrificial altar of Ru.
 15701 | D:12     | Noticed a white ugly thing
 15742 | D:12     | Killed a white ugly thing
 16078 | D:12     | Found a runed translucent door.
 16082 | D:12     | Noticed a deep troll earth mage
 16086 | D:12     | Noticed a cyan ugly thing
 16088 | D:12     | Noticed a phantasmal warrior
 16221 | D:12     | Killed a deep troll earth mage
 16624 | D:12     | Found a runed translucent door.
 16630 | D:12     | Noticed a centaur warrior
 16630 | D:12     | Noticed an ettin
 16631 | D:12     | Noticed a storm dragon
 16631 | D:12     | Noticed a fire giant
 16632 | D:12     | Noticed a fire crab
 16632 | D:12     | Noticed a brown ugly thing
 16633 | D:12     | Noticed a phantasmal warrior
 16636 | D:12     | Noticed a glowing orange brain
 16636 | D:12     | an eye of devastation changed into a glowing orange brain
 16948 | D:12     | Noticed a goliath frog
 16950 | D:12     | Noticed an alligator
 16950 | D:12     | a goliath frog changed into an alligator
 16952 | D:12     | an alligator changed into a slime creature
 16957 | D:12     | Noticed a boulder beetle
 16957 | D:12     | a slime creature changed into a boulder beetle
 16959 | D:12     | Noticed a fire dragon
 16959 | D:12     | a boulder beetle changed into a fire dragon
 16994 | D:12     | Killed a phantasmal warrior
 17360 | D:7      | Bought a +10 plate armour of ponderousness for 550 gold
                  | pieces
 17472 | D:7      | Bought a scroll of teleportation for 33 gold pieces
 17588 | Lair:1   | Entered Level 1 of the Lair of Beasts
 17712 | Lair:1   | Noticed a five-headed hydra
 17731 | Lair:1   | Killed a five-headed hydra
 17732 | Lair:1   | Reached XP level 12. HP: 107/107 MP: 11/11
 17796 | Lair:1   | Gained mutation: [Your spells are a little easier to cast,
                  | but a little less powerful.] [potion of mutation]
 17796 | Lair:1   | Gained mutation: You are frail. (-10% HP) [potion of
                  | mutation]
 17796 | Lair:1   | Gained mutation: You are very frail. (-20% HP) [potion of
                  | mutation]
 17796 | Lair:1   | Gained mutation: You are resistant to electric shocks.
                  | (rElec) [potion of mutation]
 17807 | Lair:1   | Gained mutation: You cannot train Dodging skill. [Ru
                  | sacrifice]
 17807 | Lair:1   | Reached ***** piety under Ru
 18514 | Lair:2   | Reached skill level 11 in Fighting
 19513 | Lair:3   | Found a glowing silver altar of Zin.
 19515 | Lair:3   | Noticed a catoblepas
 19837 | Lair:2   | Killed a catoblepas
 20135 | Lair:3   | Reached skill level 10 in Armour
 20689 | Lair:3   | Lost mutation: You are very frail. (-20% HP) [potion of
                  | mutation]
 20689 | Lair:3   | Lost mutation: [Your spells are a little easier to cast,
                  | but a little less powerful.] [potion of mutation]
 20689 | Lair:3   | Lost mutation: You are frail. (-10% HP) [potion of
                  | mutation]
 20689 | Lair:3   | Lost mutation: You are resistant to electric shocks.
                  | (rElec) [potion of mutation]
 20689 | Lair:3   | Gained mutation: Your natural rate of healing is unusually
                  | fast. [potion of mutation]
 20689 | Lair:3   | Gained mutation: You tend to lose your temper in combat.
                  | [potion of mutation]
 20689 | Lair:3   | Gained mutation: Your spells are a little harder to cast,
                  | but a little more powerful. [potion of mutation]
 20861 | Lair:3   | Noticed Nergalle
 20873 | Lair:3   | Killed Nergalle
 21088 | Lair:4   | Found a staircase to the Snake Pit.
 21211 | Lair:4   | Noticed a death yak
 21212 | Lair:4   | Noticed a catoblepas
 21219 | Lair:4   | Reached skill level 12 in Fighting
 21219 | Lair:4   | Reached skill level 15 in Axes
 21219 | Lair:4   | Reached XP level 13. HP: 107/118 MP: 12/12
 22028 | Lair:4   | Found a staircase to the Shoals.
 22529 | D:7      | Bought a scroll of silence for 82 gold pieces
 22694 | Lair:5   | Reached skill level 1 in Evocations
 23068 | Lair:5   | Gained mutation: You are slightly weak-willed. (Will-) [Ru
                  | sacrifice]
 23068 | Lair:5   | Reached ****** piety under Ru
 23166 | Lair:5   | Reached skill level 13 in Fighting
 23357 | Lair:5   | Found a staircase to the Slime Pits.
 23357 | Lair:5   | Found a viscous altar of Jiyva.
 23607 | Lair:5   | Noticed a dire elephant
 23630 | Lair:5   | Killed a dire elephant
 24266 | Lair:6   | Entered Level 6 of the Lair of Beasts
 24442 | Lair:6   | Reached XP level 14. HP: 129/129 MP: 13/13
 24477 | Lair:6   | Reached skill level 10 in Shields
 24584 | Lair:6   | Reached skill level 1 in Slings
 24825 | Lair:6   | Found a frozen archway.
 25173 | Lair:6   | Reached skill level 14 in Fighting
 26644 | Orc:1    | Entered Level 1 of the Orcish Mines
 26936 | Orc:2    | Entered Level 2 of the Orcish Mines
 27585 | Orc:2    | Found a staircase to the Elven Halls.
 28416 | Orc:2    | Found Ulehab's Antique Weapon Shop.
 28416 | Orc:2    | Found Paqow's Magic Scroll Shop.
 28422 | Orc:2    | Found Xoaxal's Gadget Boutique.
 28422 | Orc:2    | Found Iceth's Assorted Antiques.
 28849 | Orc:1    | Found Jeypt's Distillery.
 29302 | Orc:2    | Reached skill level 5 in Throwing
 29377 | Orc:1    | Bought a potion of heal wounds for 75 gold pieces
 29377 | Orc:1    | Bought a potion of invisibility for 120 gold pieces
 29436 | Orc:2    | Bought a glowing battleaxe for 313 gold pieces
 29613 | Orc:2    | Bought a scroll of enchant weapon for 135 gold pieces
 29617 | Orc:2    | Bought a wand of iceblast (13) for 221 gold pieces
 30116 | D:12     | Killed a storm dragon
 30343 | D:12     | Reached skill level 15 in Fighting
 30441 | D:12     | Killed a fire giant
 30664 | D:13     | Noticed Jorgrun
 30677 | D:13     | Killed Jorgrun
 30678 | D:13     | Reached XP level 15. HP: 120/141 MP: 8/14
 30950 | D:13     | Noticed Josephine
 30959 | D:13     | Killed Josephine
 31585 | D:13     | Found a large runed translucent door.
 31586 | D:13     | Found a large runed translucent door.
 31903 | D:13     | Found a gate to the Vaults.
 32814 | D:14     | Found Kekioloh's Elemental Accessories.
 33382 | D:14     | Identified the +2 pair of boots of Ferocious Amelioration
                  | {rPois Str+3} (You found it on level 14 of the Dungeon)
 33488 | D:15     | Entered Level 15 of the Dungeon
 33855 | D:15     | Reached skill level 16 in Fighting
 34081 | D:15     | Noticed a fire giant
 34144 | D:15     | Killed a fire giant
 34225 | D:15     | Found a staircase to the Depths.
 35290 | Shoals:1 | Entered Level 1 of the Shoals
 35527 | Orc:2    | Bought a pitted pewter ring for 155 gold pieces
 35528 | Orc:2    | Identified the ring "Iggappiede" {rPois Str+6} (You bought
                  | it in a shop on level 2 of the Orcish Mines)
 35778 | Shoals:1 | Found Veaxy's Magic Scroll Shoppe.
 36563 | Shoals:1 | Found Ifirch Bano's Antique Armour Boutique.
 36577 | Shoals:1 | Bought a faintly humming cloak for 285 gold pieces
 36588 | Shoals:1 | Identified the cursed -3 cloak of Weirdness {rF- rC+ SInv}
                  | (You bought it in a shop on level 1 of the Shoals)
 36805 | Shoals:1 | Reached XP level 16. HP: 149/149 MP: 15/15
 36933 | Shoals:1 | Bought a scroll of teleportation for 36 gold pieces
 36967 | Shoals:1 | Found a runed translucent gate.
 36968 | Shoals:1 | Found a runed translucent gate.
 37026 | Shoals:1 | Found a runed translucent gate.
 37081 | Shoals:1 | Noticed Liimbo's ghost (adept FoWn)
 37265 | Shoals:1 | Found Acaat's Antique Weapon Emporium.
 37283 | Shoals:1 | Bought a fading hunting sling for 162 gold pieces
 37287 | Shoals:1 | Identified the +7 hunting sling of Jihue {venom, Will+
                  | Str+2} (You bought it in a shop on level 1 of the Shoals)
 37646 | Shoals:2 | Noticed Ilsuiw
 37754 | Shoals:2 | Killed Ilsuiw
 37849 | Shoals:2 | Found Etaleir's Gadget Emporium.
 38151 | Shoals:2 | Noticed Kirke
 38162 | Shoals:2 | Noticed a sphinx
 38308 | Shoals:2 | Killed Kirke
 38376 | Shoals:2 | Reached skill level 17 in Fighting
 39118 | Shoals:3 | Found a white marble altar of Elyvilon.
 39270 | Shoals:3 | Reached skill level 5 in Slings
 39699 | Shoals:3 | Reached skill level 5 in Stealth
 39902 | Shoals:3 | Found Wolaminn's Weapon Shoppe.
 40147 | Shoals:4 | Entered Level 4 of the Shoals
 40147 | Shoals:4 | Found an ancient bone altar of Kikubaaqudgha.
 40786 | Shoals:4 | Noticed Polyphemus
 41134 | Shoals:4 | Reached XP level 17. HP: 133/148 MP: 16/16
 44532 | Shoals:4 | Reached skill level 18 in Fighting
 44692 | Shoals:4 | Killed Polyphemus
 45004 | Shoals:4 | Got a barnacled rune of Zot
 45406 | Snake:1  | Entered Level 1 of the Snake Pit
 45406 | Snake:1  | Noticed Louise
 45437 | Snake:1  | Killed Louise
 48157 | Snake:2  | Reached XP level 18. HP: 156/174 MP: 17/17
 48383 | Snake:2  | Found a runed translucent door.
 48948 | Snake:3  | Reached skill level 19 in Fighting
 49442 | Snake:3  | Noticed Aizul
 49465 | Snake:3  | Killed Aizul
 49795 | Snake:3  | Reached skill level 15 in Shields
 50188 | Snake:3  | Noticed Donald
 50203 | Snake:3  | Killed Donald
 50358 | Snake:4  | Entered Level 4 of the Snake Pit
 51864 | Snake:4  | Reached XP level 19. HP: 175/184 MP: 18/18
 52368 | Snake:4  | Got a serpentine rune of Zot
 52658 | Vaults:1 | Entered Level 1 of the Vaults
 52967 | Vaults:1 | Reached skill level 20 in Fighting
 53126 | Vaults:1 | Noticed Saint Roka
 53262 | Vaults:1 | Killed Saint Roka
 54348 | Vaults:1 | Identified the +8 war axe of Witei {vorpal, rElec MP-9
                  | Int-4 SInv} (You found it on level 1 of the Vaults)
 55239 | Vaults:1 | Reached skill level 15 in Armour
 56160 | Vaults:2 | Noticed Asterion
 56172 | Vaults:2 | Killed Asterion
 56180 | Vaults:2 | Paralysed by a wizard for 2 turns
 56450 | Vaults:2 | Paralysed by an ogre mage for 5 turns
 58757 | Vaults:3 | Noticed Frederick
 58782 | Vaults:3 | Killed Frederick
 58868 | Vaults:3 | Reached XP level 20. HP: 168/195 MP: 19/19
 59293 | Vaults:3 | Noticed Boris
 59339 | Vaults:3 | Killed Boris
 59340 | Vaults:3 | Reached skill level 21 in Fighting
 60112 | Vaults:3 | Paralysed by a vampire knight for 4 turns
 60498 | Vaults:3 | Found Lilergh's Weapon Boutique.
 61100 | Vaults:3 | Found a staircase to the Crypt.
 61154 | Vaults:3 | Paralysed by a vampire knight for 5 turns
 62231 | Vaults:4 | Identified the +2 pair of boots of Dawn {+Inv Slay+2} (You
                  | found it on level 4 of the Vaults)
 63822 | Vaults:5 | Entered Level 5 of the Vaults
 64014 | Vaults:5 | Cast into level 3 of the Abyss (a deep elf demonologist)
 64139 | Abyss:3  | Noticed a bone dragon
 64154 | Abyss:3  | Killed a bone dragon
 64178 | Abyss:3  | Gained mutation: You are very frail. (-20% HP) [a neqoxec]
 64182 | Abyss:3  | Lost mutation: Your natural rate of healing is unusually
                  | fast. [a neqoxec]
 64183 | Abyss:3  | Gained mutation: Armour fits poorly on your strangely
                  | shaped body. [a neqoxec]
 64190 | Abyss:3  | Gained mutation: Your body sometimes deteriorates upon
                  | taking damage. [a neqoxec]
 64202 | Abyss:3  | Paralysed by accursed screaming for 1 turns
 64247 | Vaults:5 | Escaped the Abyss
 64252 | Vaults:5 | Reached skill level 22 in Fighting
 64252 | Vaults:5 | Reached XP level 21. HP: 26/165 MP: 9/17
 64260 | Vaults:5 | Killed from afar by a tengu reaver

Illustrated notes

Levels and vault maps discovered:
D:1:      mushboom_english_gardens, layout_basic
D:2:      layout_loops_ring, nicolae_dithmenos_shadow_blocks
D:3:      layout_loops_ring, fedhas_altar_fruit_tree, lemuel_crystal_altar,
          chequers_jeans
D:4:      layout_cave_pools, grunt_temple_overflow_cloverleaf,
          marbit_many_paths, nicolae_overflow_crystal_walls,
          minmay_temple_entry_statues_pillars, lightli_corner_chamber
D:5:      cheibrodos_thug_alley, layout_layer_cave, lemuel_doored_altar,
          bloody_makhleb
D:6:      layout_basic, kennysheep_vampire_church, led_sif_pool
D:7:      layout_cave_pools, minmay_overflow_temple_star_quad, serial_shops,
          shop_statue, nicolae_shop_trees, kennysheep_mini_moat,
          kennysheep_mini, serial_gnoll_camp, gnoll_camp_mini_doghouse,
          gnoll_camp_medium_02, gnoll_camp_mini_basic, gnoll_camp_mini_house,
          gnoll_camp_mini_doghouse, minmay_shop_chei, grunt_decor_resistance,
          minmay_misc_feat_doors
D:8:      layout_basic, uniq_erica
D:9:      lemuel_ice_statue, layout_cave_pools, david_orc_4, serial_shops, shop
D:10:     layout_gridville, lair_entry_dummy, minmay_another_anthill
D:11:     layout_long_grid, serial_co_window_serial, co_window_of_opportunity_a,
          co_window_corner_a, co_window_paths_b, co_window_of_opportunity_a,
          co_window_paths_b, co_window_paths_a, co_window_broadway_c,
          co_window_2corner, co_window_of_opportunity_b, co_window_corner_cb,
          co_window_unsneaky_path_e, co_window_4corner_a, co_window_sun
D:12:     minmay_expanding_circles, layout_irregular_city,
          grunt_decor_mini_mirrors, serial_bayou_lagoon_a, hangedman_ru_absence
D:13:     layout_irregular_city, david_vaults_2, serial_bayou,
          serial_bayou_pond_e, serial_bayou_pond_a, serial_bayou_pond_c,
          serial_bayou_ford_a, lightli_elemental_guards, uniq_josephine,
          uniq_jorgrun
D:14:     layout_long_grid, minmay_misc_feat_diagonals, gauntlet_entry_generic,
          nicolae_elemental_shop
D:15:     grunt_enter_depths_giant_problem, layout_gridville
Temple:   kb_corrupted_temple
Lair:1:   layout_gridlike, beast_lair_carwin_9
Lair:2:   layout_small_grid, grunt_megastairs_3, lemuel_fruit_fields
Lair:3:   layout_hall_layers, basic_altar, minmay_lair_oklob_chamber,
          serial_bayou_shore_a, lemuel_fruit_tree, uniq_nergalle
Lair:4:   layout_regular_city, minmay_shoals_entry_lonely_mermaid,
          guppyfry_snake_entry_island, nicolae_lair_yak_garden,
          infiniplex_staircase_pool
Lair:5:   mu_elephants_graveyard, layout_small_grid, slime_altar_1,
          serial_bayou_pond_e, infiniplex_staircase_pool_2
Lair:6:   evilmike_catoblepas_cave, layout_cellular_growth,
          portal_ice_cave_entry_pillars_2, enter_volcano_2,
          minmay_stone_trees_small
Shoals:1: layout_shoals, ebering_ghost_rock_garden, serial_shops,
          nicolae_shop_stone, shop, shop_statue
Shoals:2: cheibrodos_shoals_baths, layout_shoals, serial_shops, shop,
          uniq_ilsuiw, uniq_kirke
Shoals:3: layout_shoals, serial_shops, shop, lemuel_centaur_altar
Shoals:4: shoals_end_grunt_garden, layout_shoals, lemuel_altar_in_water,
          uniq_polyphemus
Snake:1:  hangedman_cross_stitches, layout_honeycomb, uniq_louise
Snake:2:  layout_grid_shapes, lightli_airlock
Snake:3:  layout_grid_maze, st_stairs_13, uniq_donald, uniq_aizul
Snake:4:  snake_pit, layout_gridlike, drop_trap, grunt_megastairs_5,
          serial_bayou_shore_b
Orc:1:    layout_caves, serial_shops, nicolae_shop_window_shopping
Orc:2:    st_orc_mages, layout_diamond_mine
Vaults:1: nicolae_vaults_shelves_hall, grunt_vaults_trifunnel,
          grunt_vaults_twisty, grunt_vaults_focal, vaults_room_corners,
          v_alt_pattern_4, grunt_vaults_diagonal,
          nicolae_vaults_diagonal_hallway_9, vaults_room_pools,
          nicolae_vaults_mini_display_case, vaults_room_semicircle,
          vaults_dpeg_hooks, nicolae_vaults_little_squares_4,
          layout_vaults_quadrants, uniq_saint_roka
Vaults:2: nicolae_vaults_good_morning_starshine, v_misc_1,
          nicolae_vaults_ninety_degrees, ontoclasm_vaults_ligature,
          vaults_standard_mumra_x, v_misc_9, vaults_dpeg_diagonal,
          nicolae_vaults_little_squares_3, layout_vaults_chaotic_city,
          uniq_asterion
Vaults:3: nicolae_vaults_asterisk, ontoclasm_vaults_twist,
          ontoclasm_vaults_bender, vaults_room_mumra_shop_pool,
          nicolae_vaults_diagonal_hallway_6, hangedman_vaults_pinch, v_misc_17,
          v_pattern_4, ontoclasm_vaults_pinch, minmay_crypt_entry_simple_box,
          nicolae_vaults_network_periphery, hangedman_vaults_corner,
          vaults_mumra_hexcomb, vaults_room_grunt_arrival_ludios,
          layout_vaults_omnicross, uniq_frederick, uniq_boris
Vaults:4: v_misc_2, nicolae_vaults_little_squares_4, v_misc_1,
          vaults_dpeg_cross, v_misc_24, nicolae_vaults_twisting_passages,
          v_alt_pattern_2, nicolae_vaults_little_ls, serial_ice_g,
          ontoclasm_vaults_claustrophobia, hangedman_vaults_trim,
          vaults_room_hallway, vaults_room_pools,
          ontoclasm_vaults_loading_screen, layout_vaults_omnibox
Vaults:5

Skill      XL: |  1  2  3  4  5  6  7  8  9 10 11 12 13 14 15 16 17 18 19 20 |
---------------+-------------------------------------------------------------+-----
Fighting       | 4 5 6 7 8 9 10 12 13 15 16 17 18 19 20 22 | 22.1
Shields        | 4 5 4 6 7 8 9 10 11 13 14 15 16 17 | 17.7
Armour         | 4 5 6 7 9 10 11 12 13 14 15 | 15.7
Axes           | 3 4 5 6 8 10 11 12 15 16 17 18 19 20 | 20.4
Dodging        | 1 2 3 0 |  0.0
Stealth        | 1 2 3 4 5 6 |  6.0
Throwing       | 1 2 3 5 6 7 |  7.8
Polearms       | 2 3 |  3.3
Long Blades    | 2 7 |  7.4
Evocations     | 1 2 3 |  3.1
Slings         | 2 4 5 7 8 9 |  9.2

Action                   |  1- 3 |  4- 6 |  7- 9 | 10-12 | 13-15 | 16-18 | 19-21 || total
-------------------------+-------+-------+-------+-------+-------+-------+-------++-------
Melee: War axe           |    87 |   125 |   395 |   542 |  1023 |  1100 |   818 ||  4090
       Headbutt          |    11 |    22 |    61 |   158 |   253 |   331 |   320 ||  1156
       Scimitar          |       |       |       |   187 |     7 |       |       ||   194
       Spear             |       |       |       |    32 |       |       |       ||    32
       Demon trident     |       |       |       |       |       |     9 |       ||     9
       Great sword       |       |       |       |       |       |       |    15 ||    15
 Fire: Hunting sling     |       |       |     4 |     4 |    61 |   239 |   133 ||   441
Throw: Stone             |     2 |       |       |       |     2 |       |       ||     4
       Boomerang         |       |     5 |     9 |    38 |   113 |    72 |    17 ||   254
       Dart              |       |       |    11 |    15 |    11 |    23 |       ||    60
       Throwing net      |       |       |     2 |       |     1 |       |       ||     3
       Javelin           |       |       |       |     4 |    19 |     6 |    19 ||    48
Invok: Sacrifice Skill   |       |       |     1 |       |       |       |       ||     1
       Sacrifice Love    |       |       |       |     1 |       |       |       ||     1
       Sacrifice Arcana  |       |       |       |     1 |       |       |       ||     1
       Sacrifice Nimblen |       |       |       |     1 |       |       |       ||     1
       Power Leap        |       |       |       |       |     8 |     5 |     4 ||    17
       Apocalypse        |       |       |       |       |     2 |     2 |     1 ||     5
       Sacrifice Essence |       |       |       |       |     1 |       |       ||     1
       Draw Out Power    |       |       |       |       |     1 |     1 |       ||     2
 Abil: Evoke Invisibilit |       |       |       |       |       |       |     1 ||     1
Evoke: Wand              |       |       |       |     8 |    22 |    58 |     2 ||    90
       Condenser vane    |       |       |       |       |     1 |     1 |     1 ||     3
       Lightning rod     |       |       |       |       |       |     4 |       ||     4
  Use: Scroll            |     7 |     3 |     8 |    15 |    17 |    15 |     6 ||    71
       Potion            |     1 |     3 |     2 |    15 |     5 |     7 |     6 ||    39
 Stab: Distracted        |       |       |     1 |     2 |     5 |    11 |     3 ||    22
       Invisible         |       |       |       |     8 |    19 |     8 |     3 ||    38
       Paralysed         |       |       |       |     3 |     4 |     1 |     2 ||    10
       Petrified         |       |       |       |       |     2 |     5 |       ||     7
       Petrifying        |       |       |       |       |     1 |       |       ||     1
       Held in net/web   |       |       |       |       |     3 |       |       ||     3
Armor: Scale mail        |    56 |     9 |       |       |       |       |       ||    65
       Chain mail        |       |    59 |   223 |    81 |       |       |       ||   363
       Plate armour      |       |       |       |   300 |   456 |   419 |   173 ||  1348
       Skin              |       |       |       |       |       |     2 |       ||     2
Dodge: Dodged            |    35 |    29 |   104 |   151 |   237 |   291 |    89 ||   936
Block: Kite shield       |    53 |    64 |   231 |   363 |   519 |   394 |       ||  1624
       Tower shield      |       |       |       |       |       |   701 |   629 ||  1330
       Rpst.: Scimitar   |       |       |       |     8 |       |       |       ||     8
       Great sword       |       |       |       |       |       |       |     1 ||     1
